 Dungeon Crawl Stone Soup version 0.27.1-1-g398f81649c (webtiles) character file.

Game seed: 13927849601725295354

64 shoulao the Skirmisher (level 3, -1/51 HPs)
             Began as a Minotaur Berserker on Sept 15, 2021.
             Was a Believer of Trog.
             Slain by a gnoll (4 damage)
             ... on level 2 of the Dungeon.
             The game lasted 00:02:35 (1033 turns).

shoulao the Skirmisher (Minotaur Berserker)         Turns: 1033, Time: 00:02:35

Health: -1/51      AC:  5    Str: 22    XL:     3   Next: 91%
Magic:  2/2        EV: 11    Int:  4    God:    Trog [**....]
Gold:   26         SH:  0    Dex:  9    Spells: 2/2 levels left

rFire    . . .     SeeInvis .   a - +0 mace
rCold    . . .     Faith    .   (no shield)
rNeg     . . .     Spirit   .   c - +0 ring mail
rPois    .         Reflect  .   (helmet restricted)
rElec    .         Harm     .   (no cloak)
rCorr    .         Rampage  .   (no gloves)
Will     .....                  (no boots)
Stlth    ..........             (no amulet)
HPRegen  0.17/turn              (no ring)
MPRegen  0.08/turn              (no ring)

@: berserking (expiring), very quick
A: horns 2, retaliatory headbutt
a: Renounce Religion, Berserk, Trog's Hand


You were on level 2 of the Dungeon.
You worshipped Trog.
Trog was pleased with you.
You visited 1 branch of the dungeon, and saw 2 of its levels.

You collected 26 gold pieces.

Inventory:

Hand Weapons
 a - a +0 mace (weapon)
 e - a +0 whip
Missiles
 d - 35 bolts
 h - 21 poisoned darts (quivered)
Armour
 b - a +0 animal skin
 c - a +0 ring mail (worn)
Potions
 f - a potion of mutation {unknown}
 g - a potion of might {unknown}


   Skills:
 + Level 4.4 Fighting
 + Level 4.3 Maces & Flails
 + Level 3.5 Armour
 + Level 2.4 Dodging


You had 2 spell levels left.
You didn't know any spells.
Your spell library was empty.

Dungeon Overview and Level Annotations

Branches:
Dungeon (2/15)

Altars:


Innate Abilities, Weirdness & Mutations

You have a pair of horns on your head.
You reflexively headbutt those who attack you in melee.


Message History

You are too injured to fight recklessly!
You are too injured to fight recklessly!
You are too injured to fight recklessly!
You are too injured to fight recklessly!
You are too injured to fight recklessly!
You are too injured to fight recklessly!
You are too injured to fight recklessly!
You are too injured to fight recklessly!
You are too injured to fight recklessly!
You sock the gnoll!
The gnoll is severely wounded.
The rat barely misses you. The gnoll completely misses you.
You furiously retaliate!
You headbutt the gnoll!
You kill the gnoll!
Trog accepts your kill.
The giant cockroach bites you but does no damage.
Found 19 gold pieces and 2 coppery potions.
The endoplasm freezes you.
You are frozen.
The gnoll hits you with a +0 whip. The rat bites you.
You see here a +0 whip.
You barely miss the endoplasm. The bat hits you but does no damage.
The endoplasm hits you but does no damage.
The gnoll hits you but does no damage. The rat bites you.
You closely miss the giant cockroach. You headbutt the giant cockroach.
You kill the giant cockroach!
Trog accepts your kill. The bat hits you but does no damage.
The endoplasm freezes you.
You are frozen.
* * * LOW HITPOINT WARNING * * *
There are monsters nearby!
You barely miss the bat. The bat misses you. The gnoll hits you with a +0 whip.
* * * LOW HITPOINT WARNING * * *
The rat bites you but does no damage.
You are too berserk!
The endoplasm freezes you.
You are frozen.
* * * LOW HITPOINT WARNING * * *
The gnoll hits you with a +0 whip.
You die...

.....# .# ..#.###.#
###.#..... #...#.#.#
####.......#
#.......†.### ##
#.####...###########..#
# #...###.....J..#...#
#..)#...###@b....#
#.....###..rg......#
#....##........##...
#.#..#..###.....# .
#.#.##. ...##.# ..#.#.
.$(.. ..# ####.# $##?.
.# #.# .! #[.# .# ..#


You could see a gnoll, an endoplasm, a bat and a rat.

Vanquished Creatures
  2 gnolls (D:2)
  An adder (D:2)
  3 dart slugs (D:1)
  A ball python (D:1)
  3 endoplasms (D:1)
  3 giant cockroaches
  3 goblins (D:1)
  2 hobgoblins (D:1)
  4 kobolds
  2 bats (D:1)
  2 frilled lizards
  2 rats (D:1)
28 creatures vanquished.

Vanquished Creatures (others)
  A fungus (D:1)
  3 plants (D:1)
4 creatures vanquished.

Grand Total: 32 creatures vanquished

Notes
Turn   | Place    | Note
-------+----------+-------------------------------------------
     0 | D:1      | shoulao the Minotaur Berserker began the quest for the Orb.
     0 | D:1      | Reached XP level 1. HP: 19/19 MP: 0/0
    80 | D:1      | Found a faded altar of an unknown god.
   218 | D:1      | Reached XP level 2. HP: 22/27 MP: 1/1
   933 | D:1      | Reached XP level 3. HP: 33/33 MP: 2/2
  1006 | D:2      | Reached ** piety under Trog
  1033 | D:2      | Slain by a gnoll

Illustrated notes

Levels and vault maps discovered:
D:1:      heliophobic_arrival_glass_houses, layout_basic,
          shapermc_ecumenical_altar_mp_ritualfount
D:2:      wander_river, layout_loops_ring, minmay_randomly_rotated_circles

Skill      XL: |  1  2  3 |
---------------+----------+-----
Fighting       | 4 |  4.4
Maces & Flails | 4 |  4.3
Armour         | 3 |  3.5
Dodging        | |  2.4

Action                   || total
-------------------------++-------
Melee: Mace              ||    66
       Headbutt          ||    12
Invok: Berserk           ||     1
Armor: Animal skin       ||     6
       Ring mail         ||    31
Dodge: Dodged            ||    50
